 Dungeon Crawl Stone Soup version 0.29.1-1-gd02db6906a (webtiles) character file.

Game seed: 12133760230229301356

7 Ashen the Chiller (level 1, 0/14 HPs)
             Began as a Demonspawn Ice Elementalist on Sept 28, 2022.
             Slain by a goblin
             ... wielding a +0 club
              (2 damage)
             ... on level 1 of the Dungeon.
             The game lasted 00:00:38 (171 turns).

Ashen the Chiller (Demonspawn Ice Elementalist)      Turns: 171, Time: 00:00:39

Health: 0/14       AC:  2    Str:  8    XL:     1   Next: 83%
Magic:  1/3        EV: 12    Int: 16    God:
Gold:   3          SH:  0    Dex: 13    Spells: 3/4 levels left

rFire   . . .      SeeInvis .   (no weapon)
rCold   . . .      Faith    .   (no shield)
rNeg    . . .      Spirit   .   a - +0 robe
rPois   .          Reflect  .   (no helmet)
rElec   .          Harm     .   (no cloak)
rCorr   .          Rampage  .   (no gloves)
Will    .....                   (no boots)
Stlth   ++........              (no amulet)
HPRegen 0.04/turn               (no ring)
MPRegen 0.08/turn               (no ring)

@: no status effects
A: no striking features
a: no special abilities


You were on level 1 of the Dungeon.
You visited 1 branch of the dungeon, and saw 1 of its levels.

You collected 3 gold pieces.

Inventory:

Armour
 a - a +0 robe (worn)
Scrolls
 c - a scroll of poison {unknown}
Potions
 b - a potion of magic
 d - a potion of flight {unknown}


   Skills:
 + Level 0.3 Fighting
 + Level 1.8 Dodging
 + Level 1.8 Stealth
 * Level 2.1 Spellcasting
 * Level 3.7 Ice Magic


You had 3 spell levels left.
You knew the following spells:

 Your Spells              Type           Power      Damage    Failure   Level
a - Freeze                Ice            52%        1d7       4%          1

Your spell library contained the following spells:

 Spells                   Type           Power      Damage    Failure   Level
 Frozen Ramparts          Ice            26%        1d4       13%         3
 Ozocubu's Armour         Ice            13%        N/A       13%         3
 Hailstorm                Conj/Ice       7%         3d4       67%         4


Dungeon Overview and Level Annotations

Branches:
Dungeon (1/15)

Altars:


Message History

The giant cockroach is severely wounded.
The giant cockroach closely misses you.
You barely miss the giant cockroach.
You punch the giant cockroach, but do no damage.
The giant cockroach is severely wounded.
The giant cockroach barely misses you. The goblin barely misses you.
The giant cockroach barely misses you.
You hit the giant cockroach.
You kill the giant cockroach!
The goblin hits you but does no damage.
You hit the goblin but do no damage. The goblin misses you.
You barely miss the goblin. The dart slug launches a dart at you.
The slug dart misses you. The goblin hits you with a +0 club.
You barely miss the goblin. The goblin barely misses you.
You closely miss the goblin. The dart slug bites you.
The goblin closely misses you.
You closely miss the goblin. The dart slug closely misses you.
The goblin hits you with a +0 club.
You hit the goblin but do no damage. The goblin barely misses you.
You barely miss the goblin. The dart slug barely misses you.
The goblin hits you but does no damage.
Casting: Freeze (safe; 4% risk of failure)
Confirm with . or Enter, or press ? or * to list all spells.
Aiming: Freeze (safe; 4% risk of failure)
Press: ? - help, Shift-Dir - straight line, f - dart slug
Aim: a dart slug You freeze the dart slug.
The dart slug is lightly wounded.
The dart slug launches a dart at you. The slug dart misses you.
The goblin hits you with a +0 club.
* * * LOW HITPOINT WARNING * * *
The goblin attacks as you move away! The goblin completely misses you.
The dart slug launches a dart at you. The slug dart misses you.
The goblin attacks as you move away! The goblin barely misses you.
The goblin attacks as you move away! The goblin misses you.
The goblin attacks as you move away! The goblin barely misses you.
The goblin attacks as you move away! The goblin hits you with a +0 club.
You die...

........###.#.#.#....
##........#.#.# # .#.
#.......#.#.#.# .
#.......#w#.#.#
#.#.......#.#.#..
........#.#.###
.#####..†#.#.#.#
.........#.#g#.#
######..).#@#.#
#.....####.#.#
#.#........#.#
#.########.# #.# #.#
#)# #.# #.# #.# #.#
#.# #.########.#


You could see a dart slug and a goblin.

Vanquished Creatures
  2 ball pythons (D:1)
  A bat (D:1)
  A giant cockroach (D:1)
  A frilled lizard (D:1)
  A goblin (D:1)
  A kobold (D:1)
7 creatures vanquished.

Notes
Turn   | Place    | Note
-------+----------+-------------------------------------------
     0 | D:1      | Ashen the Demonspawn Ice Elementalist began the quest for
                  | the Orb.
     0 | D:1      | Reached XP level 1. HP: 13/13 MP: 3/3
   171 | D:1      | Slain by a goblin

Illustrated notes

Levels and vault maps discovered:
D:1:      dpeg_arrival_short_road, layout_basic, serial_shops,
          nicolae_square_shop, dreamdust_ecumenical_altar_angels_and_demons,
          st_stairs_3

Action                   || total
-------------------------++-------
Melee: Unarmed           ||    13
       Punch             ||     1
 Cast: Freeze            ||     9
Armor: Robe              ||     3
Dodge: Dodged            ||    25
